 Dungeon Sprint DCSS version 0.28.0-43-g3370ac3207 (webtiles) character file.

Game seed: 14600193463143189791

493 boopmooplesden the Carver (level 6, -2/68 HPs)
             Began as a Minotaur Berserker on Mar 10, 2022.
             Was a Believer of Trog.
             Killed by nerve-wracking pain
             ... invoked by Menkaure
              (4 damage)
             ... in the Dungeon (Sprint II: "The Violet Keep of Menkaure").
             The game lasted 00:00:19 (43 turns).

boopmooplesden the Carver (Minotaur Berserker)        Turns: 43, Time: 00:00:20

Health: -2/68      AC:  2    Str: 21    XL:     6   Next: 92%
Magic:  4/4        EV: 13    Int:  4    God:    Trog [**....]
Gold:   0          SH:  0    Dex: 10    Spells: 5/5 levels left

rFire   . . .      SeeInvis .   a - +0 falchion
rCold   . . .      Faith    .   (no shield)
rNeg    . . .      Spirit   .   b - +0 animal skin
rPois   .          Reflect  .   (helmet restricted)
rElec   .          Harm     .   (no cloak)
rCorr   .          Rampage  .   (no gloves)
Will    .....      NoTele   +   (no boots)
Stlth   +.........              (no amulet)
HPRegen 0.21/turn               (no ring)
MPRegen 0.09/turn               (no ring)

@: no status effects
A: horns 2, retaliatory headbutt, low MP 1, weak 1
a: Renounce Religion, Berserk, Trog's Hand


You were in the Dungeon.
You worshipped Trog.
Trog was pleased with you.
You visited 1 branch

Inventory:

Hand Weapons
 a - a +0 falchion (weapon)
Armour
 b - a +0 animal skin (worn)
Scrolls
 h - a scroll of blinking
Potions
 c - a potion of curing
 d - a potion of heal wounds
 e - a potion of haste
 f - 2 potions of magic
 g - a potion of berserk rage


   Skills:
 + Level 11.2 Fighting
 + Level 12.0 Long Blades
 + Level 6.0 Armour
 + Level 6.0 Dodging


You had 5 spell levels left.
You didn't know any spells.
Your spell library was empty.

Dungeon Overview and Level Annotations

Branches:
Dungeon (1/1)

Altars:

Annotations:
D exclusion: orange crystal statue, Menkaure


Innate Abilities, Weirdness & Mutations

You have a pair of horns on your head.
You reflexively headbutt those who attack you in melee.
Your magical capacity is low. (-10% MP)
You are weak. (Str -2)


Message History

The neqoxec gestures at you.
Something tries to feed on your intellect!
You hit the neqoxec.
The neqoxec is moderately wounded.
The neqoxec hits you!
You slash the neqoxec!
The neqoxec is severely wounded.
You hit the neqoxec but do no damage. Your headbutt misses the neqoxec.
The neqoxec is severely wounded.
The neqoxec closely misses you.
You slash the neqoxec!
You kill the neqoxec!
Trog accepts your kill.
Your Fighting skill increases to level 11!
Your Long Blades skill increases to level 12!
Your Armour skill increases to level 6!
Your Dodging skill increases to level 6!
You slash Menkaure! You headbutt Menkaure!
Menkaure is almost destroyed.
You hit Menkaure but do no damage.
Menkaure is almost destroyed.
Menkaure hits you!!
* * * LOW HITPOINT WARNING * * *
You hit Menkaure.
Menkaure is almost destroyed.
Menkaure calls on the powers of darkness!
Your body is wracked with pain!
* * * LOW HITPOINT WARNING * * *
You hit Menkaure but do no damage.
Menkaure is almost destroyed.
Menkaure is no longer moving quickly.
Menkaure hits you.
* * * LOW HITPOINT WARNING * * *
You hit Menkaure but do no damage. Your headbutt misses Menkaure.
Menkaure is almost destroyed.
You barely miss Menkaure.
Menkaure is almost destroyed.
You recover from your berserk rage.
Menkaure points at you and mumbles some strange words.
Pain shoots through your body!
You die...

≈≈8 ≈§
≈§ +++#
.M.
##3##
#.$.##
#..##M#
####@##
#'##
##.##
+.<.+
##.##
#+#


You could see Menkaure.

Vanquished Creatures
  4 neqoxecs (D)
4 creatures vanquished.

Notes
Turn   | Place    | Note
-------+----------+-------------------------------------------
     0 | D        | boopmooplesden the Minotaur Berserker began the quest for
                  | the Orb.
     0 | D        | Reached XP level 1. HP: 19/19 MP: 0/0
     1 | D        | Noticed a neqoxec
     1 | D        | Noticed a neqoxec
     8 | D        | Killed a neqoxec
     9 | D        | Reached skill level 7 in Long Blades
     9 | D        | Reached XP level 2. HP: 35/35 MP: 1/1
     9 | D        | Reached XP level 3. HP: 40/40 MP: 2/2
     9 | D        | Reached XP level 4. HP: 48/48 MP: 3/3
     9 | D        | Gained mutation: You are weak. (Str -2) [a neqoxec]
    13 | D        | Killed a neqoxec
    14 | D        | Reached skill level 9 in Long Blades
    14 | D        | Reached skill level 5 in Armour
    14 | D        | Reached XP level 5. HP: 58/58 MP: 4/4
    15 | D        | Noticed a neqoxec
    15 | D        | Noticed a neqoxec
    16 | D        | Noticed an orange crystal statue
    16 | D        | Noticed Menkaure
    16 | D        | Gained mutation: Your magical capacity is low. (-10% MP) [a
                  | neqoxec]
    27 | D        | Killed a neqoxec
    27 | D        | Reached ** piety under Trog
    28 | D        | Reached skill level 10 in Fighting
    28 | D        | Reached skill level 11 in Long Blades
    28 | D        | Reached skill level 5 in Dodging
    28 | D        | Reached XP level 6. HP: 52/67 MP: 4/4
    37 | D        | Killed a neqoxec
    38 | D        | Reached skill level 12 in Long Blades
    41 | D        | HP: 2/68 [Menkaure (5)]
    43 | D        | Killed from afar by Menkaure

Illustrated notes

Levels and vault maps discovered:
D:        the_violet_keep_of_menkaure [sprint2_stairs_cluster_1,
          sprint2_shoproom, sprint2_temple, sprint2_basic_supplies,
          sprint2_obstacle_5, sprint2_obstacle_3, sprint2_obstacle_4,
          sprint2_obstacle_1, sprint2_obstacle_2, sprint2_timed_cluster_1,
          sprint2_smallroom_cluster_1, sprint2_smallroom_final_cluster_1,
          sprint2_transparent_cluster_1, sprint2_second_timed_cluster_1,
          sprint2_sniper_area_1, sprint2_heavy_combat_area_1,
          sprint2_mutation_trap_area_1, sprint2_forest_area_1,
          sprint2_light_combat_area_1, sprint2_behind_water_1,
          sprint2_near_end_vault_1]

Skill      XL: |  1  2  3  4  5  6 |
---------------+-------------------+-----
Fighting       | 7 9 10 11 | 11.2
Long Blades    | 7 9 11 12 | 12.0
Armour         | 4 5 6 |  6.0
Dodging        | 4 5 6 |  6.0

Action                   |  1- 3 |  4- 6 || total
-------------------------+-------+-------++-------
Melee: Falchion          |     5 |    30 ||    35
       Punch             |       |     1 ||     1
       Headbutt          |       |     5 ||     5
Invok: Berserk           |     1 |       ||     1
Armor: Animal skin       |       |     3 ||     3
Dodge: Dodged            |     1 |    12 ||    13
